 Dungeon Crawl Stone Soup version 0.30.1-9-gdf580d7c3d (webtiles) character file.

Game seed: 16488766912622389788

45983 growler the Stormcaller (level 14, 0/82 HPs)
             Began as a Tengu Air Elementalist on Sept 24, 2023.
             Was a High Priest of Hepliaklqana.
             Killed from afar by a rime drake (36 damage)
             ... with an icy flash freeze
             ... on level 5 of the Lair of Beasts.
             The game lasted 00:57:03 (25724 turns).

growler the Stormcaller (Tengu Air Elementalist)   Turns: 25724, Time: 00:57:04

Health: 0/82       AC:  5    Str:  9    XL:     14   Next: 35%
Magic:  16/26      EV: 21    Int: 21    God:    Hepliaklqana [*****.]
Gold:   1125       SH: 10    Dex: 14    Spells: 18/28 levels left

rFire   . . .        Q - staff of air "Peopacac" {rElec rCorr}
rCold   . . .        q - +0 buckler
rNeg    . . .        a - +0 robe
rPois   .            f - +1 hat
rElec   +            t - +0 cloak
rCorr   +            S - +0 pair of gloves
SInv    +            (boots unavailable)
Will    +....        O - amulet of reflection
Stlth   ++           l - +5 ring of evasion
HPRegen 0.33/turn    y - ring of see invisible
MPRegen 0.20/turn

%: reflection
@: flying quickly and evasively, quick
A: reduced essence, beak, talons 3, nimble flight
a: Renounce Religion, Recall Ancestor, Ancestor Identity, Transference, Idealise


You were on level 5 of the Lair of Beasts.
You worshipped Hepliaklqana.
Hepliaklqana was extremely pleased with you.
You visited 3 branches of the dungeon, and saw 17 of its levels.

You collected 1125 gold pieces.

Inventory:

Hand Weapons
 C - a +5 dagger
 L - a +1 dagger of draining
Armour
 a - a +0 robe (worn)
 f - a +1 hat (worn)
 q - a +0 buckler (worn)
 t - a +0 cloak (worn)
 S - a +0 pair of gloves (worn)
Magical Staves
 Q - the staff of air "Peopacac" (weapon) {rElec rCorr}
   (You acquired it on level 2 of the Lair of Beasts)

   [staff of air]

   Base accuracy: +5 Base damage: 5 Base attack delay: 1.2 This weapon's minimum
   attack delay (0.6) is reached at skill level 12.
   rElec:     It insulates you from electricity.
   rCorr:     It protects you from acid and corrosion.
   It falls into the 'Staves' category.
   It is a one-handed weapon.
Jewellery
 l - a +5 ring of evasion (left hand)
 u - a +5 ring of evasion
 y - a ring of see invisible (right hand)
 G - a +5 ring of evasion
 H - a ring of resist corrosion
 O - an amulet of reflection (around neck)
 R - a ring of ice
Wands
 r - a wand of paralysis (32)
 E - a wand of flame (47)
 J - a wand of polymorph (6)
Scrolls
 d - 3 scrolls of amnesia
 g - 2 scrolls of enchant armour
 h - a scroll of torment
 k - 5 scrolls of blinking
 n - 6 scrolls of noise
 p - 5 scrolls of teleportation
 s - a scroll of enchant weapon
 v - 2 scrolls of fog
 w - a scroll of immolation
 x - a scroll of brand weapon {unknown}
 D - a scroll of acquirement
 F - 4 scrolls of fear
 K - a scroll of magic mapping {unknown}
 M - a scroll of poison
Potions
 b - 2 potions of magic
 c - 8 potions of curing {unknown}
 e - 3 potions of brilliance
 i - 6 potions of heal wounds
 j - 4 potions of cancellation
 m - 2 potions of attraction
 o - 2 potions of flight
 z - 3 potions of might
 A - a potion of lignification
 B - a potion of mutation
 I - a potion of berserk rage
 P - a potion of haste


   Skills:
 + Level 12.6 Fighting
 - Level 10.0 Short Blades
 + Level 6.0 Dodging
 - Level 2.0 Stealth
 + Level 5.0 Shields
 + Level 7.7 Spellcasting
 - Level 6.0 Conjurations
 + Level 19.7 Air Magic


You had 18 spell levels left.
You knew the following spells:

 Your Spells              Type           Power      Damage    Failure   Level
a - Shock                 Conj/Air       100%       1d9       1%          1
b - Static Discharge      Conj/Air       100%       2-7/arc   1%          2
c - Swiftness             Air            95%        N/A       0%          3
d - Airstrike             Air            47%        2d(7-23)  1%          4

Your spell library contained the following spells:

 Spells                   Type           Power      Damage    Failure   Level
 Cigotuvi's Dreadful Rot  Necr/Pois/Air  100%       N/A       1%          2
 Foxfire                  Conj/Fire      80%        2x1d8     3%          1
 Kiss of Death            Conj/Necr      80%        2d11      3%          1
 Momentum Strike          Conj/Tloc      40%        3d9       5%          2
 Summon Small Mammal      Summ           32%        N/A       12%         1
 Blink                    Tloc           16%        N/A       19%         2
 Lesser Beckoning         Tloc           16%        N/A       19%         2
 Sublimation of Blood     Necr           8%         N/A       19%         2
 Plasma Beam              Fire/Air       32%        2x1d50    32%         6
 Call Canine Familiar     Summ           8%         N/A       34%         3
 Confusing Touch          Hex            8%         N/A       34%         3
 Ozocubu's Armour         Ice            8%         N/A       34%         3
 Summon Guardian Golem    Hex/Summ       8%         N/A       34%         3
 Fireball                 Conj/Fire      10%        3d6       67%         5
 Dispel Undead            Necr           8%         3d8       75%         4
 Summon Forest            Summ/Tloc      4%         N/A       97%         5
 Starburst                Conj/Fire      10%        6d5       99%         6
 Death Channel            Necr           4%         N/A       100%        6
 Monstrous Menagerie      Summ           4%         N/A       100%        7
 Necromutation            Tmut/Necr      4%         N/A       100%        8


Dungeon Overview and Level Annotations

Branches:
Dungeon (11/15)            Temple (1/1) D:6            Lair (5/5) D:9
 Shoals (0/4) Lair:3       Spider (0/4) Lair:2        Slime (0/5) Lair:4
    Orc (0/2) D:11

Altars:
Ashenzari
Cheibriados
Dithmenos
Elyvilon
Fedhas
Gozag
Hepliaklqana
Qazlal
Sif Muna
Trog
Vehumet
Wu Jian
Xom
Zin
The Shining One
Jiyva

Shops:
D:6 (((

Portals:
Trove: D:10 (give +3 shadow dragon scales)

Annotations:
D:3 2 runed translucent doors, growler's ghost, amateur TeAE
D:4 1 runed translucent door, croobank's ghost, novice OpDe
Lair:5 3 runed translucent doors, Goih's ghost, journeyman MiHu


Innate Abilities, Weirdness & Mutations

Your life essence is reduced to manifest your ancestor. (-10% HP)
You have a beak for a mouth.
You have claws for feet.
Your magical nature lets you fly swiftly and evasively.


Message History

You hear an angry hiss.
Casting: Airstrike (safe; 1% risk of failure)
Confirm with . or Enter, or press ? or * to list all spells.
Aiming: Airstrike (safe; 1% risk of failure)
Press: ? - help, Dir - move target, f/p - swamp dragon
Aim: a swamp dragon (heavily wounded, empty space bonus: 6/8)
You feel a surge of power!
The air twists around and strikes the swamp dragon!
The swamp dragon is severely wounded.
Unknown command.
Casting: Airstrike (safe; 1% risk of failure)
Confirm with . or Enter, or press ? or * to list all spells.
Aiming: Airstrike (safe; 1% risk of failure)
Press: ? - help, Dir - move target, f/p - swamp dragon
Aim: a swamp dragon (severely wounded, empty space bonus: 6/8)
You feel a surge of power!
The air twists around and strikes the swamp dragon!
The swamp dragon is almost dead.
The rime drake misses Reggie B..
The swamp dragon bites Reggie B..
The swamp dragon barely misses Reggie B..
The swamp dragon tramples Reggie B..
Reggie B. holds his ground!
The fire dragon breathes flames at you.
The blast of flame hits the plant!!
The plant begins to die.
The blast of flame hits you!!!
Ouch! That really hurt!
Reggie B. hits the rime drake but does no damage.
The rime drake breathes ice at you.
The icy flash freeze hits Reggie B.!
Reggie B. partially resists.
Reggie B. is flash-frozen.
Reggie B. points at the rime drake and mumbles some strange words.
The rime drake seems to slow down.
The swamp dragon barely misses Reggie B..
The swamp dragon claws Reggie B.!
The swamp dragon tramples Reggie B..
Reggie B. holds his ground!
The rime drake barely misses Reggie B..
The plant is engulfed in a cloud of scalding steam.
The plant begins to die.
Reggie B. is no longer encased in ice.
The rime drake breathes ice at you. The icy flash freeze hits you!!!
You die...

~~..k~§~..♣ ♣♣
...$P§♣≈~P♣ ≈♣♣
))D(♣♣♣k≈.♣ ## ♣.~♣♣♣
:.! ♣♣~≈~~♣ .#
~~≈~.♣♣♣ ♣♣.R~.♣♣ ##
♣♣♣...≈~.♣♣ ♣♣~~...♣
#
♣.♣....≈≈.♣♣♣~~P.♣♣♣
###♣♣..♣♣♣
♣≈≈~.≈~..♣♣
..#♣.....♣♣♣≈~~.@.†.♣
..#♣♣♣♣..♣♣..≈.....♣♣
...♣♣♣♣♣♣≈.~♣..♣..♣♣
...♣≈~♣≈.~~♣♣...♣♣♣
...[~~~≈~.≈....♣♣
..~.♣♣.~♣.♣.♣♣♣♣
...♣♣♣♣♣♣♣♣♣♣ ..P♣
..### #####


You could see the friendly Reggie B. the hexer and a rime drake (slow, catching
breath).

Vanquished Creatures
  6 hydras
  3 death yaks
  A two-headed ogre (D:9)
  A boulder beetle (D:11)
  2 skysharks (Lair:5)
  Pikel (D:7)
  An oklob plant (Lair:5)
  13 elephants
  3 black mambas
  Joseph (D:8)
  An ice statue (D:7)
  A torpor snail (Lair:2)
  Maggie (D:7)
  A gargoyle (D:8)
  3 cane toads
  3 rime drakes
  4 komodo dragons
  2 polar bears
  3 trolls
  A hornet (D:8)
  4 blink frogs
  3 dream sheep (Lair:2)
  A slime creature (Lair:4)
  2 shadows
  3 wyverns
  A vampire (D:8)
  36 yaks
  2 basilisks
  4 steam dragons
  2 vampire mosquitoes (D:11)
  A redback (Lair:2)
  3 acid dragons
  14 water moccasins
  2 ice beasts
  5 orc warriors
  4 sky beasts
  A black bear (D:7)
  8 wolves
  4 centaurs
  2 kobold brigands
  13 bullfrogs
  3 scorpions
  5 wights (D:9)
  11 killer bees
  6 electric eels
  5 howler monkeys
  5 jellies
  3 hounds
  12 orc priests
  A gnoll bouda (D:4)
  Terence (D:3)
  10 orc wizards
  6 iguanas
  5 gnolls
  9 adders
  A shadow imp (D:6)
  2 white imps
  6 worms
  2 dart slugs (D:4)
  48 orcs
  7 ball pythons
  9 endoplasms
  4 giant cockroaches
  5 goblins
  8 hobgoblins
  8 jackals (D:4)
  15 kobolds
  3 quokkas
  4 bats (D:2)
  7 frilled lizards
  11 rats
389 creatures vanquished.

Vanquished Creatures (collateral kills)
  A hydra (Lair:5)
  3 death yaks
  Nergalle (Lair:2)
  8 elephants
  A black mamba (Lair:5)
  4 cane toads
  A komodo dragon (Lair:2)
  A polar bear (Lair:2)
  A culicivora (Lair:2)
  14 yaks
  A redback (Lair:2)
  A vampire mosquito (D:11)
  A swamp drake (Lair:5)
  4 wolves
  A bullfrog (D:8)
  A gnoll sergeant (D:11)
  3 killer bees (D:11)
  A jelly (Lair:4)
  2 orc priests
  2 orc wizards (D:11)
  2 gnolls (D:11)
  3 orcs
57 creatures vanquished.

Vanquished Creatures (others)
  6 hexers
  6 ancestors
  An orc (D:8)
13 creatures vanquished.

Grand Total: 459 creatures vanquished

Notes
Turn   | Place    | Note
-------+----------+-------------------------------------------
     0 | D:1      | growler the Tengu Air Elementalist began the quest for the
                  | Orb.
     0 | D:1      | Reached XP level 1. HP: 10/10 MP: 4/4
   150 | D:1      | Reached XP level 2. HP: 15/15 MP: 3/6
   720 | D:1      | Reached XP level 3. HP: 19/19 MP: 4/7
   723 | D:1      | Learned a level 2 spell: Static Discharge
   727 | D:1      | Learned a level 3 spell: Swiftness
  1766 | D:2      | Reached XP level 4. HP: 24/24 MP: 7/9
  2174 | D:3      | Noticed Terence
  2187 | D:3      | Killed Terence
  2188 | D:3      | Reached skill level 5 in Air Magic
  2253 | D:3      | Found a faded altar of an unknown god.
  2450 | D:3      | Gained mutation: Your magical nature lets you fly swiftly
                  | and evasively. [Tengu growth]
  2450 | D:3      | Reached XP level 5. HP: 12/28 MP: 2/10
  3217 | D:3      | Reached XP level 6. HP: 32/32 MP: 10/12
  3297 | D:3      | Found a large runed translucent door.
  3297 | D:3      | Found a large runed translucent door.
  3299 | D:3      | Noticed growler's ghost (amateur TeAE)
  3574 | D:4      | Reached skill level 6 in Air Magic
  4057 | D:4      | Found a runed translucent door.
  4058 | D:4      | Noticed croobank's ghost (novice OpDe)
  4059 | D:4      | Noticed a steam dragon
  4067 | D:4      | Learned a level 4 spell: Airstrike
  4077 | D:4      | Killed a steam dragon
  4078 | D:4      | Reached skill level 5 in Conjurations
  4190 | D:4      | Found an opulent altar of Gozag.
  4242 | D:4      | Reached XP level 7. HP: 36/36 MP: 8/14
  4658 | D:5      | Entered Level 5 of the Dungeon
  4971 | D:5      | Reached skill level 7 in Air Magic
  5531 | D:5      | Reached skill level 5 in Spellcasting
  5924 | D:5      | Reached XP level 8. HP: 41/41 MP: 12/16
  5964 | D:5      | Reached skill level 8 in Air Magic
  6214 | D:6      | Found a glowing golden altar of the Shining One.
  6323 | D:6      | Reached skill level 9 in Air Magic
  6571 | D:6      | Reached skill level 10 in Air Magic
  6575 | D:6      | Found a staircase to the Ecumenical Temple.
  6584 | Temple   | Entered the Ecumenical Temple
  6591 | Temple   | Became a worshipper of Hepliaklqana the Forgotten
  6677 | D:6      | Found Qits's Weapon Boutique.
  6766 | D:6      | Found Caruh's Weapon Emporium.
  6823 | D:6      | Found Elye's Antique Weapon Emporium.
  7035 | D:7      | Reached skill level 11 in Air Magic
  7038 | D:7      | Noticed a wyvern
  7043 | D:7      | Reached XP level 9. HP: 18/45 MP: 6/19
  7149 | D:7      | Reached skill level 12 in Air Magic
  7437 | D:7      | Reached skill level 1 in Fighting
  7437 | D:7      | Reached skill level 1 in Short Blades
  7557 | D:7      | Noticed Pikel
  7561 | D:7      | Killed Pikel
  7860 | D:7      | Noticed Maggie
  7875 | D:7      | Killed Maggie
  7876 | D:7      | Reached skill level 13 in Air Magic
  8074 | D:7      | Noticed an ice statue
  8078 | D:7      | Killed an ice statue
  8079 | D:7      | Reached XP level 10. HP: 56/56 MP: 3/20
  8870 | D:7      | Reached * piety under Hepliaklqana
  8981 | D:7      | Identified the +8 falchion "Xias" {speed, rPois rF+++ rCorr
                  | Stlth-}
  8985 | D:7      | Got the Book of Massed Transfiguration
  9076 | D:8      | Reached skill level 5 in Short Blades
  9227 | D:8      | Reached skill level 5 in Fighting
  9251 | D:7      | Reached skill level 14 in Air Magic
  9527 | D:8      | Noticed a gargoyle
  9682 | D:8      | Killed a gargoyle
 10197 | D:8      | Found a radiant altar of Vehumet.
 10315 | D:8      | Noticed Joseph
 10323 | D:8      | Killed Joseph
 10483 | D:8      | Reached XP level 11. HP: 59/59 MP: 7/21
 11030 | D:9      | Reached skill level 15 in Air Magic
 11341 | D:9      | Noticed a two-headed ogre
 11352 | D:9      | Killed a two-headed ogre
 11478 | D:9      | Found a stormy altar of Qazlal.
 11478 | D:9      | Found a snail-covered altar of Cheibriados.
 11936 | D:9      | Found a staircase to the Lair.
 12561 | D:10     | Entered Level 10 of the Dungeon
 12608 | D:10     | Noticed a five-headed hydra
 12612 | D:10     | Killed a five-headed hydra
 12867 | D:10     | Reached ** piety under Hepliaklqana
 12868 | D:10     | Remembered your ancestor Reggie B. as a hexer
 13264 | D:10     | Reached skill level 16 in Air Magic
 13808 | D:10     | Found a portal to a secret trove of treasure.
 14446 | D:11     | Reached XP level 12. HP: 53/67 MP: 4/22
 15293 | D:11     | Found a bloodstained altar of Trog.
 15345 | D:11     | Found a snail-covered altar of Cheibriados.
 15390 | D:11     | Found a shimmering altar of Xom.
 15439 | D:11     | Noticed a boulder beetle
 15493 | D:11     | Killed a boulder beetle
 15876 | D:11     | Reached *** piety under Hepliaklqana
 15934 | D:11     | Found a staircase to the Orcish Mines.
 16112 | Lair:1   | Entered Level 1 of the Lair of Beasts
 16284 | Lair:1   | Identified the +0 leather armour "Nytt" {rC+ SInv}
 16497 | Lair:1   | Reached skill level 10 in Short Blades
 16929 | Lair:2   | Identified 2 scrolls of acquirement
 16929 | Lair:2   | Acquired the staff of air "Peopacac" {rElec rCorr}
 17186 | Lair:2   | Reached skill level 17 in Air Magic
 17556 | Lair:2   | Noticed a four-headed hydra
 17563 | Lair:2   | Killed a four-headed hydra
 17564 | Lair:2   | Reached skill level 10 in Fighting
 17930 | Lair:2   | Reached **** piety under Hepliaklqana
 18289 | Lair:2   | Got Usimomah's Quarto of the Morgue and Snow
 18343 | Lair:2   | Found a hole to the Spider Nest.
 18345 | Lair:2   | Reached skill level 18 in Air Magic
 18512 | Lair:2   | Noticed Nergalle
 18523 | Lair:2   | Killed Nergalle
 18987 | Lair:3   | Found a staircase to the Shoals.
 19095 | Lair:3   | Noticed a four-headed hydra
 19100 | Lair:3   | Killed a four-headed hydra
 19101 | Lair:3   | Reached XP level 13. HP: 75/75 MP: 3/23
 19554 | Lair:3   | Reached ***** piety under Hepliaklqana
 20698 | Lair:3   | Reached skill level 1 in Shields
 21335 | Lair:4   | Found a staircase to the Slime Pits.
 21335 | Lair:4   | Found a viscous altar of Jiyva.
 21349 | Lair:4   | Reached skill level 19 in Air Magic
 22605 | Lair:5   | Entered Level 5 of the Lair of Beasts
 23507 | Lair:5   | Reached skill level 5 in Dodging
 23518 | Lair:5   | Reached XP level 14. HP: 62/82 MP: 4/25
 24198 | Lair:5   | Found a runed translucent gate.
 24199 | Lair:5   | Found a runed translucent gate.
 24200 | Lair:5   | Found a runed translucent gate.
 24201 | Lair:5   | Noticed Goih's ghost (journeyman MiHu)
 25185 | Lair:5   | Reached skill level 5 in Shields
 25724 | Lair:5   | Killed from afar by a rime drake

Illustrated notes

Levels and vault maps discovered:
D:1:      minmay_arrival_checkered_box, layout_basic,
          chequers_serial_rivers_micro_d
D:2:      layout_basic, solitary_fountain, minmay_fractal_squares_5
D:3:      minmay_angry_zag, layout_basic, ebering_ghost_disaster_area,
          hellmonk_ecumenical_altar_zigzags, kennysheep_generic_room_13,
          uniq_terence
D:4:      layout_loops_ring, nicolae_gozag_seed_capital, gammafunk_ghost_grave
D:5:      layout_loops_ring, gup_sewer_entry_bubbles
D:6:      layout_rooms, mainiacjoe_overflow_cross_hatched,
          minmay_temple_entry_ruins, serial_shops, shop_fountains, shop,
          nicolae_shop_tiny_real_fake_doors
D:7:      lemuel_ice_statue, layout_cave_pods, uniq_pikel, uniq_maggie
D:8:      kennysheep_ambush_hall, layout_basic, nicolae_vehumet_radiance,
          uniq_joseph
D:9:      layout_loops_ring, jmf_multi_god_temple, lair_entry_dummy
D:10:     wad_woods_pond, layout_layer_cave, nicolae_trove_entry_free_sample
D:11:     layout_rooms, erik_orc_2, hangedman_feature_mirror, slow_altar_1
Temple:   nicolae_temple_bog_church
Lair:1:   layout_gridlike, st_stairs_4, serial_bayou_ford_a,
          dreamdust_deal_with_the_devil, nicolae_lair_grove_arrangements,
          lemuel_fruit_fields
Lair:2:   layout_regular_city, spider_nest_entry_funnel_web, uniq_nergalle
Lair:3:   layout_layer_cave, shoals_dummy_entry, serial_bayou_crossing
Lair:4:   layout_gridlike, minmay_slime_entry_pillars, grunt_megastairs_5
Lair:5:   wormcave, layout_loops_ring, guppyfry_lair_end_dragon,
          gammafunk_ghost_hydra_chop, fungi_pond_lemuel

Skill      XL: |  1  2  3  4  5  6  7  8  9 10 11 12 13 14 |
---------------+-------------------------------------------+-----
Conjurations   | 2 3 4 5 6 |  6.0
Air Magic      | 5 6 7 11 13 14 16 18 19 | 19.7
Spellcasting   | 3 4 5 6 7 |  7.7
Fighting       | 4 6 8 11 12 | 12.6
Short Blades   | 4 7 9 10 | 10.0
Shields        | 4 5 |  5.0
Dodging        | 5 6 |  6.0
Stealth        | |  2.0

Action                     |  1- 3 |  4- 6 |  7- 9 | 10-12 | 13-15 || total
---------------------------+-------+-------+-------+-------+-------++-------
  Melee: Unarmed           |     3 |    13 |     4 |       |       ||    20
         Kick              |     1 |     5 |     2 |    68 |    57 ||   133
         Peck              |       |     1 |       |    50 |    35 ||    86
         Dagger            |       |       |       |   177 |    85 ||   262
         Punch             |       |       |       |     2 |     1 ||     3
         Staff             |       |       |       |       |    12 ||    12
   Cast: Shock             |    92 |    96 |   126 |    38 |     5 ||   357
         Static Discharge  |     1 |     3 |    18 |    28 |    77 ||   127
         Airstrike         |       |     2 |    34 |   238 |   133 ||   407
 Invoke: Recall Ancestor   |       |       |       |     4 |     3 ||     7
         Ancestor Identity |       |       |       |     1 |       ||     1
         Ancestor Life: He |       |       |       |     1 |       ||     1
    Use: Scroll            |       |     2 |     9 |     7 |     3 ||    21
         Potion            |       |       |       |     1 |     2 ||     3
   Stab: Sleeping          |       |       |       |     2 |       ||     2
         Confused          |       |       |       |     3 |     2 ||     5
         Distracted        |       |       |       |     1 |     6 ||     7
 Armour: Robe              |     1 |     1 |     2 |     8 |    21 ||    33
  Dodge: Dodged            |     7 |    39 |    27 |    98 |   170 ||   341
  Block: Buckler           |       |       |       |       |    55 ||    55
